[ AOE2 MATCH · #505296975 ]
UnrankedFranks vs Burgundians
Player's team · LOSS
[ REPLAY ANALYSIS · EXTRACTED FROM THE RECORDED GAME ]
Feudal
8:53
Castle
22:22
Imperial
—
| APM avg | 52.4 |
| APM peak | 84 |
| eAPM avg | 26.6 |
| Villagers / military | 75 / 64 |
Focus
⚔️ 33.3% · 🌾 66.7%
Archer ×37 · Knight ×7 · Monk ×5 · Scout Cavalry ×5 · Mangonel ×4 · Battering Ram ×2
Feudal
11:08
Castle
22:53
Imperial
—
| APM avg | 43.6 |
| APM peak | 70 |
| eAPM avg | 23.3 |
| Villagers / military | 86 / 85 |
Focus
⚔️ 30.4% · 🌾 69.6%
Flemish Militia ×63 · Coustillier ×13 · Mangonel ×8 · Battering Ram ×1
Match map
Initial resources + every placement click. Lines = walls · curves = elevation contours. ◆ gold · ⬟ stone · ● berries · ✦ relic · ◌ wall gap
Your base· Open — 6t gap
zz_Highway's base· ✓ Closed at 22:53 · 38t walls · 1 gate(s)
Smoothed initial terrain · ◌ = detected wall gap · hover for details
Inputs per minute
— Solaiman III - - zz_Highway
Build order — Solaiman III
First 150 of 227 actions detected
| 0:01 | Queue | Villager (Male) |
| 0:02 | Build | House |
| 0:03 | Build | House |
| 0:09 | Queue | Villager (Male) |
| 0:15 | Queue | Villager (Male) |
| 0:24 | Queue | Villager (Male) |
| 1:28 | Queue | Villager (Male) |
| 1:28 | Queue | Villager (Male) |
| 1:59 | Queue | Villager (Male) |
| 1:59 | Queue | Villager (Male) |
| 2:16 | Queue | Villager (Male) |
| 2:16 | Queue | Villager (Male) |
| 2:30 | Build | Lumber Camp |
| 2:44 | Queue | Villager (Male) |
| 2:50 | Build | Palisade Wall |
| 3:12 | Queue | Villager (Male) |
| 3:38 | Queue | Villager (Male) |
| 3:58 | Build | House |
| 4:03 | Build | Mill |
| 4:07 | Queue | Villager (Male) |
| 4:07 | Queue | Villager (Male) |
| 4:08 | Queue | Villager (Male) |
| 4:34 | Queue | Villager (Male) |
| 4:35 | Queue | Villager (Male) |
| 4:35 | Queue | Villager (Male) |
| 4:35 | Queue | Villager (Male) |
| 4:53 | Queue | Villager (Male) |
| 5:30 | Queue | Villager (Male) |
| 6:02 | Research | Loom |
| 6:43 | Research | Feudal Age |
| 6:43 | Research | Feudal Age |
| 7:48 | Build | Barracks |
| 7:56 | Build | House |
| 8:37 | Queue | Villager (Male) |
| 8:53 | Age | Feudal Age |
| 8:54 | Build | Stable |
| 8:56 | Research | Double-Bit Axe |
| 8:56 | Research | Double-Bit Axe |
| 8:57 | Queue | Villager (Male) |
| 9:07 | Build | Palisade Wall |
| 9:20 | Queue | Villager (Male) |
| 9:34 | Build | House |
| 9:38 | Queue | Scout Cavalry |
| 9:38 | Queue | Scout Cavalry |
| 9:42 | Queue | Villager (Male) |
| 9:48 | Build | Farm |
| 9:50 | Build | Farm |
| 10:14 | Build | Palisade Wall |
| 10:15 | Queue | Scout Cavalry |
| 10:16 | Queue | Villager (Male) |
| 10:22 | Build | House |
| 10:33 | Build | Farm |
| 10:49 | Queue | Villager (Male) |
| 10:57 | Build | Watch Tower |
| 11:01 | Queue | Scout Cavalry |
| 11:04 | Build | Mining Camp |
| 11:14 | Build | Archery Range |
| 11:33 | Queue | Scout Cavalry |
| 11:39 | Queue | Villager (Male) |
| 11:39 | Queue | Villager (Male) |
| 11:43 | Build | Farm |
| 11:51 | Queue | Archer |
| 12:00 | Build | House |
| 12:29 | Queue | Archer |
| 13:14 | Build | House |
| 13:21 | Queue | Villager (Male) |
| 13:24 | Build | Farm |
| 13:25 | Queue | Villager (Male) |
| 13:31 | Queue | Archer |
| 13:45 | Build | Mining Camp |
| 13:57 | Queue | Villager (Male) |
| 14:04 | Build | Farm |
| 14:05 | Build | Farm |
| 14:25 | Queue | Archer |
| 14:34 | Queue | Villager (Male) |
| 14:35 | Build | Farm |
| 14:37 | Build | Farm |
| 14:44 | Queue | Villager (Male) |
| 14:58 | Queue | Villager (Male) |
| 15:08 | Build | Watch Tower |
| 15:12 | Queue | Villager (Male) |
| 15:17 | Queue | Villager (Male) |
| 15:21 | Queue | Archer |
| 15:26 | Build | Blacksmith |
| 15:30 | Build | Farm |
| 15:32 | Queue | Villager (Male) |
| 15:41 | Queue | Archer |
| 16:15 | Queue | Archer |
| 16:21 | Build | House |
| 16:24 | Queue | Villager (Male) |
| 16:31 | Build | Watch Tower |
| 16:33 | Queue | Villager (Male) |
| 16:36 | Build | House |
| 16:37 | Build | Palisade Wall |
| 16:40 | Build | Palisade Wall |
| 16:44 | Build | Palisade Wall |
| 16:46 | Build | Palisade Wall |
| 16:48 | Build | House |
| 16:53 | Build | Palisade Wall |
| 16:53 | Queue | Villager (Male) |
| 17:01 | Queue | Archer |
| 17:04 | Queue | Villager (Male) |
| 17:11 | Queue | Villager (Male) |
| 17:13 | Build | Farm |
| 17:29 | Queue | Archer |
| 17:40 | Queue | Villager (Male) |
| 17:42 | Build | House |
| 18:00 | Build | Archery Range |
| 18:23 | Build | Watch Tower |
| 18:40 | Build | House |
| 18:49 | Build | House |
| 18:53 | Build | House |
| 18:57 | Build | House |
| 19:07 | Queue | Archer |
| 19:09 | Queue | Villager (Male) |
| 19:27 | Queue | Archer |
| 19:29 | Queue | Archer |
| 19:39 | Research | Castle Age |
| 19:39 | Research | Castle Age |
| 20:16 | Research | Fletching |
| 20:16 | Research | Fletching |
| 20:26 | Queue | Villager (Male) |
| 20:33 | Queue | Archer |
| 20:55 | Queue | Archer |
| 21:13 | Queue | Villager (Male) |
| 21:14 | Build | Archery Range |
| 21:15 | Queue | Archer |
| 21:24 | Queue | Archer |
| 21:46 | Build | Palisade Wall |
| 21:51 | Queue | Villager (Male) |
| 21:52 | Queue | Villager (Male) |
| 21:53 | Queue | Archer |
| 22:19 | Queue | Archer |
| 22:22 | Age | Castle Age |
| 22:28 | Research | Crossbowman (upgrade) |
| 22:28 | Research | Crossbowman (upgrade) |
| 22:38 | Research | Bodkin Arrow |
| 22:51 | Build | Siege Workshop |
| 23:21 | Build | Palisade Wall |
| 23:35 | Queue | Archer |
| 23:36 | Queue | Archer |
| 23:42 | Queue | Mangonel |
| 23:50 | Queue | Archer |
| 24:02 | Queue | Archer |
| 24:03 | Queue | Villager (Male) |
| 24:06 | Build | Stable |
| 24:07 | Queue | Villager (Male) |
| 24:26 | Queue | Archer |
| 24:39 | Queue | Archer |
| 24:42 | Build | House |
Build order — zz_Highway
First 150 of 297 actions detected
| 0:01 | Queue | Villager (Male) |
| 0:01 | Queue | Villager (Male) |
| 0:02 | Build | House |
| 0:04 | Build | House |
| 0:23 | Queue | Villager (Male) |
| 0:23 | Queue | Villager (Male) |
| 1:27 | Queue | Villager (Male) |
| 1:59 | Queue | Villager (Male) |
| 2:10 | Build | Lumber Camp |
| 2:20 | Queue | Villager (Male) |
| 2:49 | Queue | Villager (Male) |
| 2:49 | Queue | Villager (Male) |
| 3:07 | Queue | Villager (Male) |
| 3:33 | Queue | Villager (Male) |
| 3:33 | Queue | Villager (Male) |
| 3:50 | Queue | Villager (Male) |
| 3:55 | Build | House |
| 3:56 | Build | House |
| 4:23 | Queue | Villager (Male) |
| 4:29 | Research | Double-Bit Axe |
| 4:36 | Queue | Villager (Male) |
| 4:53 | Queue | Villager (Male) |
| 5:09 | Build | House |
| 5:11 | Build | Palisade Wall |
| 5:20 | Queue | Villager (Male) |
| 5:47 | Queue | Villager (Male) |
| 6:09 | Queue | Villager (Male) |
| 6:42 | Queue | Villager (Male) |
| 6:46 | Build | Palisade Wall |
| 6:47 | Build | House |
| 6:52 | Queue | Villager (Male) |
| 6:53 | Research | Loom |
| 7:19 | Build | Palisade Wall |
| 7:28 | Build | House |
| 7:33 | Build | Barracks |
| 7:56 | Queue | Villager (Male) |
| 8:23 | Build | Mining Camp |
| 8:24 | Queue | Villager (Male) |
| 8:32 | Build | House |
| 8:47 | Build | Palisade Wall |
| 8:48 | Build | Palisade Wall |
| 8:58 | Research | Feudal Age |
| 8:58 | Research | Feudal Age |
| 9:10 | Build | Palisade Gate |
| 9:20 | Build | Mill |
| 9:26 | Build | Mill |
| 9:33 | Build | House |
| 9:34 | Build | Palisade Wall |
| 9:35 | Build | Palisade Wall |
| 9:39 | Build | Palisade Wall |
| 10:39 | Build | Farm |
| 10:41 | Build | Farm |
| 10:54 | Build | Palisade Wall |
| 10:54 | Build | Palisade Wall |
| 11:08 | Age | Feudal Age |
| 11:10 | Queue | Villager (Male) |
| 11:11 | Queue | Flemish Militia |
| 11:12 | Queue | Flemish Militia |
| 11:12 | Queue | Flemish Militia |
| 11:13 | Queue | Villager (Male) |
| 11:35 | Queue | Flemish Militia |
| 11:36 | Queue | Villager (Male) |
| 11:39 | Research | Bow Saw |
| 11:41 | Build | Farm |
| 11:44 | Build | Farm |
| 11:47 | Build | Farm |
| 12:10 | Queue | Flemish Militia |
| 12:10 | Queue | Flemish Militia |
| 12:13 | Build | Watch Tower |
| 12:21 | Build | Farm |
| 12:21 | Queue | Villager (Male) |
| 12:26 | Queue | Flemish Militia |
| 12:56 | Queue | Flemish Militia |
| 12:56 | Queue | Flemish Militia |
| 13:12 | Queue | Flemish Militia |
| 13:12 | Queue | Flemish Militia |
| 13:29 | Queue | Flemish Militia |
| 13:29 | Queue | Flemish Militia |
| 13:33 | Queue | Villager (Male) |
| 13:36 | Build | Blacksmith |
| 13:39 | Build | Farm |
| 13:40 | Build | Farm |
| 13:41 | Queue | Villager (Male) |
| 13:54 | Queue | Flemish Militia |
| 13:54 | Queue | Flemish Militia |
| 14:09 | Queue | Villager (Male) |
| 14:11 | Build | Farm |
| 14:24 | Queue | Flemish Militia |
| 14:37 | Queue | Flemish Militia |
| 14:44 | Queue | Villager (Male) |
| 14:47 | Build | Farm |
| 14:48 | Build | Farm |
| 14:49 | Queue | Villager (Male) |
| 14:59 | Build | Farm |
| 15:00 | Build | Farm |
| 15:02 | Queue | Flemish Militia |
| 15:19 | Queue | Villager (Male) |
| 15:36 | Research | Arson |
| 15:37 | Research | Arson |
| 15:41 | Build | Farm |
| 15:42 | Build | Farm |
| 15:43 | Queue | Villager (Male) |
| 15:48 | Build | House |
| 15:49 | Build | House |
| 15:50 | Build | House |
| 16:05 | Build | Farm |
| 16:10 | Build | Mining Camp |
| 16:11 | Queue | Flemish Militia |
| 16:11 | Queue | Flemish Militia |
| 16:11 | Queue | Flemish Militia |
| 16:13 | Queue | Villager (Male) |
| 16:21 | Research | Scale Mail Armor |
| 16:21 | Research | Scale Mail Armor |
| 16:23 | Queue | Villager (Male) |
| 16:26 | Build | House |
| 16:38 | Queue | Flemish Militia |
| 16:41 | Build | Farm |
| 16:47 | Build | Farm |
| 17:03 | Research | Wheelbarrow |
| 17:04 | Research | Wheelbarrow |
| 17:10 | Build | Farm |
| 17:15 | Build | Farm |
| 17:22 | Build | Palisade Wall |
| 17:24 | Queue | Villager (Male) |
| 17:44 | Research | Gold Mining |
| 18:06 | Queue | Villager (Male) |
| 18:28 | Build | Lumber Camp |
| 18:47 | Build | House |
| 19:10 | Queue | Villager (Male) |
| 19:13 | Build | Market |
| 19:23 | Build | House |
| 19:28 | Build | Lumber Camp |
| 19:48 | Queue | Villager (Male) |
| 19:51 | Research | Gold Shaft Mining |
| 20:01 | Build | Farm |
| 20:06 | Research | Castle Age |
| 20:06 | Research | Castle Age |
| 20:13 | Queue | Flemish Militia |
| 20:13 | Queue | Flemish Militia |
| 20:33 | Build | Farm |
| 20:33 | Build | Farm |
| 20:39 | Queue | Flemish Militia |
| 20:39 | Queue | Flemish Militia |
| 20:46 | Research | Forging |
| 20:46 | Research | Forging |
| 20:54 | Queue | Flemish Militia |
| 21:20 | Queue | Flemish Militia |
| 21:29 | Queue | Flemish Militia |
| 21:31 | Build | Barracks |
| 21:33 | Research | Horse Collar |
Match timeline
| 2:50 | Solaiman III · wall_segment Palisade Wall x1 |
| 5:11 | zz_Highway · wall_segment Palisade Wall x2 |
| 6:46 | zz_Highway · wall_segment Palisade Wall x8 |
| 7:19 | zz_Highway · wall_segment Palisade Wall x9 |
| 7:33 | zz_Highway · first_building Barracks |
| 7:48 | Solaiman III · first_building Barracks |
| 8:47 | zz_Highway · wall_segment Palisade Wall x2 |
| 8:48 | zz_Highway · wall_segment Palisade Wall x5 |
| 8:53 | Solaiman III · age_up feudal |
| 8:54 | Solaiman III · first_building Stable |
| 9:07 | Solaiman III · wall_segment Palisade Wall x13 |
| 9:34 | zz_Highway · wall_segment Palisade Wall x1 |
| 9:35 | zz_Highway · wall_segment Palisade Wall x1 |
| 9:39 | zz_Highway · wall_segment Palisade Wall x7 |
| 10:14 | Solaiman III · wall_segment Palisade Wall x1 |
| 10:54 | zz_Highway · wall_segment Palisade Wall x1 |
| 10:54 | zz_Highway · wall_segment Palisade Wall x1 |
| 11:08 | zz_Highway · age_up feudal |
| 11:14 | Solaiman III · first_building Archery Range |
| 16:37 | Solaiman III · wall_segment Palisade Wall x1 |
| 16:40 | Solaiman III · wall_segment Palisade Wall x1 |
| 16:44 | Solaiman III · wall_segment Palisade Wall x1 |
| 16:46 | Solaiman III · wall_segment Palisade Wall x1 |
| 16:53 | Solaiman III · wall_segment Palisade Wall x1 |
| 17:22 | zz_Highway · wall_segment Palisade Wall x1 |
| 21:46 | Solaiman III · wall_segment Palisade Wall x1 |
| 22:22 | Solaiman III · age_up castle |
| 22:51 | Solaiman III · first_building Siege Workshop |
| 22:53 | zz_Highway · age_up castle |
| 23:21 | Solaiman III · wall_segment Palisade Wall x1 |
| 23:27 | zz_Highway · first_building Siege Workshop |
| 25:16 | Solaiman III · first_building Monastery |
| 28:16 | Solaiman III · first_building Castle |
| 29:30 | zz_Highway · first_building Castle |
| 33:08 | zz_Highway · first_building Monastery |
| 33:26 | zz_Highway · first_market_buy 100 food |
| 35:38 | Solaiman III · resign |
[ AI ANALYSIS · 1 CREDIT ]
What really happened in this match?
Wolo.gg analyzes every decision: build order, eco, micro, common mistakes by bracket. Personalized analysis on WhatsApp or Discord in 30 seconds.
Civ guide
Franks
Perfil
Jugador #10590084